[Event "Mitropa Cup Women 2022"]
[Site "Corte"]
[Date "2022.05.08"]
[Round "9.4"]
[White "Radikovic, Anamarija"]
[Black "Koubova, Anna Marie"]
[Result "0-1"]
[ECO "C07"]
[WhiteElo "2133"]
[BlackElo "2115"]
[Annotator "TA"]
[PlyCount "114"]
[EventDate "2022.04.30"]
[EventType "team-tourn"]
[EventCountry "FRA"]
[SourceTitle "playchess.com"]
[Source "ChessBase"]
[SourceQuality "1"]
[WhiteTeam "Croatia"]
[BlackTeam "Czech Republic"]
[WhiteTeamCountry "CRO"]
[BlackTeamCountry "CZE"]
[TimeControl "40/5400+30:1800+30"]

1. e4 e6 2. d4 d5 3. Nd2 c5 4. Ngf3 cxd4 5. Nxd4 Nc6 6. Bb5 Bd7 7. Nxc6 bxc6 8. Bd3 Bd6 {[%emt 0:00:18] C07: French Tarrasch: 3...c5, 4 Ngf3 and 4 exd5 Qxd5.} 9. Qe2 e5 $1 {[%mdl 4] is currently scoring better than 9...Ne7.} 10. c4 d4 {[%emt 0:01:57] The position is equal.} 11. c5 Bxc5 12. Nc4 Bb4+ 13. Bd2 Qe7 14. O-O Bxd2 15. Qxd2 Nh6 {[%emt 0:01:54][%cal Bg8h6,Bh6f7,Bf7d8][%mdl 32] [#]} 16. Qa5 $146 ({Predecessor:} 16. f4 Ng4 17. h3 Ne3 18. Nxe3 dxe3 19. Qxe3 exf4 20. Qxf4 O-O 21. Rac1 Qb4 22. Bc4 Qxb2 23. Bxf7+ {½-½ (50) Raja,H (2459)-Sturt,R (2494) Banja Vrujci 2021}) 16... f6 17. Rac1 (17. f4 $5 ) 17... O-O 18. Rc2 Nf7 19. Rfc1 Rfb8 20. Qd2 Qb4 21. Qxb4 Rxb4 22. Na5 Nd8 23. b3 Kf8 24. a3 Rb6 25. b4 Ke7 26. Kf1 g6 27. g3 Rc8 (27... Nb7 $15 28. Nc4 (28. Nxc6+ Kd6 $17) 28... c5 $1) 28. b5 (28. h4 $11 {remains equal.}) 28... c5 29. a4 Ne6 30. Bc4 (30. Ke2 $15) 30... Kd6 ({Black should try} 30... a6 $1 $17 31. bxa6 Nc7) 31. Bd5 $11 Rbb8 32. Ke2 Nd8 33. f4 a6 $2 (33... exf4 $11 34. gxf4 Rc7) 34. fxe5+ fxe5 35. Nc4+ (35. bxa6 $18 Rc7 36. Nc4+ Ke7 37. Nxe5) 35... Ke7 $16 36. Nxe5 ({White must play} 36. bxa6 $16 {Hoping for a7.} Rb4 37. Nxe5 Rxa4 38. Nxd7 (38. Rxc5 Bb5+ 39. Kd2 Rxc5 $14) 38... Kxd7 39. Rxc5 Rxc5 40. Rxc5) 36... axb5 $11 37. Rxc5 Rxc5 (37... bxa4 $5 38. Rc7 Kd6 39. Rxd7+ Kxe5 40. Rxc8 Rxc8 $11) 38. Rxc5 {[%emt 0:00:06] aiming for Rc7.} bxa4 39. Nxd7 (39. Rc7 $5 Kd6 40. Rxd7+ Kxe5 41. Rxh7 $16) 39... Kxd7 $16 {[%emt 0:00:05][%mdl 4096] Endgame KRB-KRN} 40. Rc4 a3 41. Rxd4 Rb2+ 42. Rd2 Kd6 {[%emt 0:08:33] And now ...Nc6 would win.} 43. Kd1 Rxd2+ 44. Kxd2 $11 {[%emt 0:00:07] KB-KN} Ne6 45. Kc3 Ke5 46. Kb4 Ng5 47. Kxa3 Nxe4 48. Bc6 {[%emt 0:02:43][%mdl 8192] [#]} (48. Bc4 $11) 48... Nd2 $1 $19 49. Bg2 {[%emt 0:02:47] [#]} Kf5 $1 50. h3 Ne4 51. g4+ Kf4 52. Kb3 Nf2 53. Bd5 Nxh3 54. Bg8 Ng5 55. Kc2 Kxg4 56. Kd2 Kg3 57. Ke1 h5 {[%emt 0:02:48] Black used his chance.  Weighted Error Value: White=0.27 (precise) /Black=0.13 (very precise)} 0-1

[Event "Mitropa Cup Women 2022"]
[Site "Corte"]
[Date "2022.05.08"]
[Round "9.4"]
[White "Zhuang, Yongzhe"]
[Black "Sevcikova, Lucia"]
[Result "1/2-1/2"]
[ECO "C01"]
[WhiteElo "1701"]
[BlackElo "2019"]
[Annotator "TA"]
[PlyCount "79"]
[EventDate "2022.04.30"]
[EventType "team-tourn"]
[EventCountry "FRA"]
[SourceTitle "playchess.com"]
[Source "ChessBase"]
[SourceQuality "1"]
[WhiteTeam "Switzerland"]
[BlackTeam "Slovakia"]
[WhiteTeamCountry "SUI"]
[BlackTeamCountry "SVK"]
[TimeControl "40/5400+30:1800+30"]

1. e4 e6 2. d4 d5 3. exd5 exd5 4. Nf3 Bd6 5. c4 c6 6. Nc3 (6. c5 $5 Bc7 7. Nc3 $11) 6... Qe7+ {[%emt 0:09:14] C01: French: Exchange Variation.} (6... Nf6 $11 {keeps the balance.}) 7. Be2 $16 dxc4 8. O-O Nf6 {[%emt 0:01:22] White is better.} 9. Re1 O-O 10. Bxc4 Qc7 {[%emt 0:01:12] [#]} 11. h3 $146 {[%emt 0:09:11] White is more active.} (11. Bg5 $16) ({Predecessor:} 11. Bg5 Nbd7 12. Rc1 Bf4 13. Bxf4 Qxf4 14. Ne2 Qd6 15. Ng3 Nb6 16. Bd3 Nbd5 17. Nf5 {½-½ (28) Kratz,A (1854)-Steinke,H (1644) Dortmund 2019}) 11... Bf5 12. a4 (12. Nh4 $16 Bg6 13. Nxg6 hxg6 14. Qd3) 12... h6 $11 13. Ne5 {[%emt 0:03:17][%cal Oc1h6] Black should prevent Bxh6!} Nbd7 14. f4 (14. Qf3 $5 Be6 15. Bxe6 fxe6 16. Ng6 $14) 14... Nb6 15. Ba2 Rad8 16. g4 $36 {[%emt 0:07:04][%mdl 2048] Black is under pressure.} Bh7 17. Qf3 {[%emt 0:02:57] Inhibits Nbd5.} Bb4 (17... Nbd5 $11) 18. Be3 (18. g5 $5 hxg5 19. fxg5 $14) 18... Nfd5 19. Bd2 a5 20. f5 Nxc3 (20... Kh8 $14) 21. bxc3 $16 Bd6 22. f6 g5 (22... Nd5 $16) 23. h4 Nd7 (23... Bxe5 $142 24. Rxe5 Rde8) 24. Nxf7 $18 Rxf7 25. Bxf7+ Kxf7 {[%emt 0:00:53] [#]} 26. Re7+ $1 Kg8 (26... Bxe7 27. fxe7+) 27. Rg7+ Kh8 28. hxg5 Rg8 29. g6 (29. gxh6 $142 Bh2+ 30. Kg2) 29... Bxg6 30. Bxh6 {[%emt 0:00:51] Threatens to win with Rf1. Really sharp!} Rxg7 $2 (30... Qc8 {keeps fighting.}) 31. Bxg7+ $2 (31. fxg7+ $18 Kg8 32. Rf1) 31... Kg8 $11 32. Qh3 Bg3 {[%emt 0:00:55] Prevents Re1.} (32... Nb6 $11) 33. Qh6 (33. g5 $14 Qf4 34. f7+ Kxg7 35. Qh6+ Kxf7 36. Rf1) 33... Qf4 $2 {[%emt 0:01:08][%mdl 8192] [#]} 34. Qxf4 $2 (34. Rf1 Qxh6 35. Bxh6 Kf7 $15) (34. f7+ $1 $18 Kxf7 35. Rf1 Qxf1+ 36. Kxf1) 34... Bxf4 $17 {[%emt 0:00:03] This bishop pair is nice.} 35. Re1 Bg5 ({Black should play} 35... Bd6 $17 36. Re2 Bf7) 36. Re6 Bf7 {[%emt 0:00:43][%mdl 1024] Black has compensation.} 37. Rd6 (37. Re7 $1 $11 Nb6 38. Re5 (38. Rxb7 Nxa4 39. Ra7 Nxc3 $17)) 37... Be8 {[%emt 0:00:08] Hoping for ...Kf7.} 38. Re6 $1 Bf7 39. Rd6 Be8 ({Better is} 39... Nb6 $17 {...Kh7 is the strong threat.} 40. Rd8+ Kh7) 40. Re6 $1 {[%emt 0:00:38] Weighted Error Value: White=0.57/Black=0.50} 1/2-1/2

[Event "Mitropa Cup Women 2022"]
[Site "Corte"]
[Date "2022.05.08"]
[Round "9.5"]
[White "Unuk, Laura"]
[Black "Guichard, Pauline"]
[Result "1/2-1/2"]
[ECO "D37"]
[WhiteElo "2338"]
[BlackElo "2377"]
[Annotator "TA"]
[PlyCount "101"]
[EventDate "2022.04.30"]
[EventType "team-tourn"]
[EventCountry "FRA"]
[SourceTitle "playchess.com"]
[Source "ChessBase"]
[SourceQuality "1"]
[WhiteTeam "Slovenia"]
[BlackTeam "France"]
[WhiteTeamCountry "SLO"]
[BlackTeamCountry "FRA"]
[TimeControl "40/5400+30:1800+30"]

1. d4 Nf6 2. c4 e6 3. Nf3 d5 4. Nc3 dxc4 5. e4 Bb4 6. Bxc4 {[%emt 0:00:08] D24: Queen's Gambit Accepted: 3 Nf3 Nf6 4 Nc3.} Nxe4 7. O-O Nxc3 8. bxc3 (8. Qb3 Nd5 9. Bxd5 Qxd5 $17) 8... Be7 9. Ne5 O-O 10. Qg4 {[%emt 0:01:22][%mdl 1024] White has compensation.} Nc6 11. Bh6 Bf6 12. Rae1 Ne7 $1 13. Bc1 {[%emt 0:13:23] [#]} Nf5 $146 (13... c5 $15) ({Predecessor:} 13... c5 14. Ba3 b6 15. Qf3 Rb8 16. Ng4 Nf5 17. dxc5 Be7 18. Ne5 Bxc5 19. Bxc5 bxc5 20. Nc6 Bb7 21. Nxd8 Bxf3 22. Nxf7 {½-½ (22) Bacrot,E (2711)-Van Kampen,R (2626) Jerusalem 2015}) 14. Qh3 c5 15. Ba3 $1 $36 {[%emt 0:05:48][%mdl 2048] White fights for an advantage.} b6 16. dxc5 b5 17. Bxb5 Qa5 (17... Qc7 $5 18. f4 Rd8 $14) 18. c4 a6 19. Bc6 Rb8 {[%emt 0:00:09] [#]} 20. Be4 $1 Bxe5 21. Bxf5 {[%emt 0:00:11][%mdl 64] Discovered Attack} exf5 22. Rxe5 Be6 23. Qe3 f4 24. Qf3 Bxc4 25. Rfe1 Bxa2 26. Bc1 (26. h3 $11 {feels stronger.} Rb3 27. Qc6 Rxa3 28. Re8) 26... f6 $1 $15 27. R5e2 Bc4 28. Re7 Qxc5 29. Qxf4 Bf7 $1 (29... Rb1 $2 30. Rc7 (30. Qg4 $2 Qxe7 31. Qxc4+ Qf7 $19) 30... Qb4 31. Qxc4+ $18) 30. Rc7 {[%emt 0:02:30] [#]} Rfe8 $1 31. Be3 (31. Rxe8+ Rxe8) 31... Qd5 32. h4 a5 33. Rec1 Rb4 ({But not} 33... Bg6 $6 34. R7c5 Qd8 35. h5 $11) 34. Qg3 {[%emt 0:00:48] [#]} Qh5 {[%emt 0:05:16] Prevents Bh6.} (34... h5 $1 $17 {Hoping for ...Rg4.} 35. R7c5 Qa2) 35. R7c5 Qxh4 36. Qxh4 Rxh4 37. Rxa5 Rhe4 38. Rc7 Rg4 39. Kh2 h5 40. Raa7 {[%emt 0:00:48] The position is equal.} Bd5 41. f3 Rg6 42. Re7 Rb8 43. Rad7 Bc4 44. Rd2 Bf1 45. Rf2 Rb1 46. Ra7 Kh7 47. Ra4 Re1 {[%emt 0:03:01] Threatens to win with ...Bxg2.} 48. Bd2 Rd1 49. Be3 Re1 {[%emt 0:00:48] And now ...Bxg2 would win.} 50. Bd2 Rd1 {[%emt 0:00:39][%cal Of1g2] Strongly threatening ...Bxg2!} 51. Be3 {[%emt 0:02:50] Weighted Error Value: White=0.09 (flawless) /Black=0.08 (flawless)} 1/2-1/2

[Event "Mitropa Cup Women 2022"]
[Site "Corte"]
[Date "2022.05.08"]
[Round "9.6"]
[White "Navrotescu, Andreea"]
[Black "Urh, Zala"]
[Result "1-0"]
[ECO "D37"]
[WhiteElo "2318"]
[BlackElo "2315"]
[Annotator "TA"]
[PlyCount "117"]
[EventDate "2022.04.30"]
[EventType "team-tourn"]
[EventCountry "FRA"]
[SourceTitle "playchess.com"]
[Source "ChessBase"]
[SourceQuality "1"]
[WhiteTeam "France"]
[BlackTeam "Slovenia"]
[WhiteTeamCountry "FRA"]
[BlackTeamCountry "SLO"]
[TimeControl "40/5400+30:1800+30"]

1. d4 Nf6 2. c4 e6 3. Nc3 d5 4. Nf3 dxc4 5. e3 a6 6. Bxc4 b5 7. Bd3 Bb7 8. O-O Nbd7 9. e4 c5 10. e5 Nd5 11. Ng5 Be7 {[%emt 0:27:50] D48: Semi-Slav: Meran System: 7...b5 8 Bd3 a6.} 12. Qh5 g6 13. Qh6 {[%emt 0:00:50] aiming for Qg7.} Bf8 {[%emt 0:00:26] [#] Prevents Qg7.} (13... Nxc3 $11 {keeps the balance.} 14. bxc3 cxd4) 14. Qh3 $146 {[%emt 0:00:26] White is more active.} (14. Nxe6 $1 $16 {[%mdl 512] is forced if you want to stay better.} Bxh6 15. Nxd8 Rxd8 16. Bxh6) ({Predecessor:} 14. Nxe6 Bxh6 15. Nxd8 Bxc1 16. Nxb7 Nxc3 17. Rfxc1 Na4 18. b3 {1-0 (19) Hernandez Carmenates,H (2541)-Ramirez Medina,O (1914) Gran Canaria 2010}) 14... cxd4 $17 15. Nce4 (15. Bxg6 $17 hxg6 16. Qxh8 dxc3 17. Ne4) 15... Nxe5 $19 {[%emt 0:03:31] Hoping for ...Qb6.} 16. Re1 Qe7 (16... Bb4 $19 17. Rd1 Nxd3 18. Qxd3 e5) 17. Nxf7 Nxf7 (17... Kxf7 18. Ng5+ Kg8 19. Rxe5 $16) 18. Nd6+ Nxd6 (18... Qxd6 $142 19. Rxe6+ Be7 20. Rxd6 Bxd6) 19. Rxe6 $17 {[%emt 0:00:02] [#]} Bc8 (19... Kf7 $1 $17 20. Rxe7+ Bxe7) 20. Rxe7+ $11 Bxe7 {[%emt 0:00:06] [#]} (20... Kxe7 $2 21. Bg5+ Ke8 22. Re1+ Be7 23. Qf3 $18) 21. Qf3 (21. Bxg6+ $1 $14 Kd8 22. Qh6) 21... Be6 ({Better is} 21... Bb7 $1 {Threatens to win with ...Nb4.} 22. Bd2 Nb4 $1 ) 22. Bh6 Kd7 23. Re1 Rhe8 24. Bg7 Rac8 25. Bxd4 Rf8 26. Qd1 Nf4 ({Black should try} 26... Rc6 $15) 27. Bf1 $14 {[%emt 0:00:43][%mdl 1024] White has compensation.} g5 (27... Bd8 $11) 28. Be5 (28. a4 $16) 28... Rc5 (28... Bxa2 $2 29. g3 Ne6 30. Bh3 $18) 29. Qd4 Rfc8 30. h4 (30. Bxf4 $14 gxf4 31. Qxf4) 30... h6 ({Don't take} 30... Bxa2 31. hxg5 Ne6 32. Qe3 Bxg5 33. Qa3 $14 (33. Qd3 Be7 $14)) (30... Ng6 $11 31. Bf6 (31. Bxd6 Bxd6 32. hxg5 Rc1 $11) 31... Rc1 32. Bxe7 Nxe7 33. Rxc1 Rxc1 34. Qa7+ Rc7 35. Qxa6 Rc1 36. Qa7+ Rc7) 31. g3 $36 {[%emt 0:00:39][%mdl 2048] Keeping Black busy. Dancing on a razor blade.} Ng6 (31... Nd5 $2 32. Bxd6 Bxd6 {[#]} 33. Rxe6 $1 (33. Qg7+ Ne7 $18) 33... Kxe6 34. Bh3+ Kf7 35. Bxc8 Rc1+ 36. Kg2 Rxc8 37. hxg5 hxg5 38. Qxd5+ Ke7 39. Qxg5+ Kd7 40. Qg7+ Kd8 41. Qb7 $18) (31... Rc1 $16 {is tougher.} 32. Rxc1 Rxc1 33. Qa7+ (33. gxf4 Bc4 $14) 33... Kd8) 32. Bxd6 $18 {[%emt 0:00:45] White is clearly winning.} Bxd6 {[%emt 0:00:28] [#]} 33. Rxe6 {[%emt 0:00:13][%mdl 576] Remove Defender} Kxe6 34. Bh3+ {[%emt 0:00:02][%mdl 64] Skewer} Kf7 {[%emt 0:00:37] And now ...Rd8 would win.} 35. Bxc8 ({Weaker is} 35. Qxd6 R8c6 36. Qd7+ Ne7 $16) 35... Be7 36. Bb7 gxh4 37. Bd5+ Ke8 38. Qe4 Nf8 39. gxh4 Kd8 40. b4 Rc7 41. Bc6 Nd7 42. a3 Bd6 43. Bxd7 Kxd7 {[%emt 0:01:49][%mdl 4096] Endgame KQ-KRB} 44. Qh7+ Kc6 45. Qxh6 a5 46. bxa5 Ra7 47. Qc1+ Kd7 48. Qc3 Rc7 49. Qd3 Ke6 50. Qxb5 Be5 51. a6 Kf5 52. Qd3+ Kg4 53. Kg2 Rg7 54. Qe4+ Bf4 55. Qe6+ Kh5+ 56. Kf3 Bh2 57. Qf5+ Kh6 58. Qf6+ Kh7 {[%emt 0:00:06] [#]} 59. Qxg7+ $3 {[%emt 0:00:00] White used his chance.  Weighted Error Value: White=0.23 (precise) /Black=0.60} 1-0

[Event "Mitropa Cup Women 2022"]
[Site "Corte"]
[Date "2022.05.08"]
[Round "9.6"]
[White "Hapala, Elisabeth"]
[Black "Bashylina, Luisa"]
[Result "0-1"]
[ECO "B90"]
[WhiteElo "2116"]
[BlackElo "1981"]
[Annotator "TA"]
[PlyCount "98"]
[EventDate "2022.04.30"]
[EventType "team-tourn"]
[EventCountry "FRA"]
[SourceTitle "playchess.com"]
[Source "ChessBase"]
[SourceQuality "1"]
[WhiteTeam "Austria"]
[BlackTeam "Germany"]
[WhiteTeamCountry "AUT"]
[BlackTeamCountry "GER"]
[TimeControl "40/5400+30:1800+30"]

1. e4 c5 2. Nf3 d6 3. d4 cxd4 4. Nxd4 Nf6 5. Nc3 a6 6. h3 e5 {[%emt 0:00:04] The main line 6...e5 scores better than 6...e6.} 7. Nb3 Be6 {[%emt 0:00:05] B90: Sicilian Najdorf: Unusual White 6th moves, 6 Be3 Ng4 and 6 Be3 e5.} 8. f4 $1 b5 9. Qf3 {[%emt 0:01:12] [#]} b4 $146 {The position is equal.} ({Predecessor:} 9... Nc6 10. f5 Bxb3 11. axb3 Nd4 12. Qd3 d5 13. Nxd5 Nxd5 14. exd5 Bc5 15. b4 Bb6 {1-0 (31) Narayanan,S (2529)-Bocharov,D (2524) Moscow 2019}) 10. Nd5 Bxd5 11. exd5 g6 12. Bd2 e4 13. Qe3 {[%emt 0:06:01] And now g4 would win.} Bg7 14. Bxb4 O-O $1 15. c4 $36 {[%emt 0:03:30][%mdl 2048] White is more active.} a5 16. Bc3 {[%emt 0:00:19] With the idea Nd4.} Nbd7 (16... Na6 $1 $11 {remains equal.}) 17. Be2 $16 a4 (17... Qb6 $142 18. Bd4 Qb4+ 19. Bc3 Qb6) 18. Nd4 Nb6 19. O-O (19. Rd1 $18) 19... Re8 $2 (19... a3 $16 {was worth a try.}) 20. Kh1 (20. Nc6 $18 Qc7 21. Rad1) 20... Rc8 (20... Qc8 $16 {was called for.}) 21. f5 $2 (21. Nc6 $18 Qc7 22. Rad1) 21... Nxc4 $11 22. Bxc4 Rxc4 23. fxg6 hxg6 24. Qe2 {[%emt 0:07:40] [#]} (24. Nc6 $5 Nxd5 25. Rxf7 Nxe3 26. Rxg7+ Kh8 27. Rb7+ Rxc3 28. Nxd8 $11) 24... Rxc3 25. bxc3 Nxd5 26. Qc4 Qg5 27. Rab1 (27. Qxa4 $11 Rf8 28. Ne2) 27... Nf4 $15 28. Rxf4 Qxf4 $17 29. Rf1 d5 $1 30. Qb5 Qe5 31. Qxa4 e3 32. Ne2 {[#]} Qe4 (32... Rb8 $1 $19 33. Qd7 Bf6) 33. Qxe4 (33. Qb5 $15) 33... Rxe4 $15 {[%emt 0:01:29][%mdl 4096] Endgame KRB-KRN} (33... dxe4 $17 34. Ra1 Rd8) 34. g3 $11 Ra4 35. Ra1 (35. Kg2 $1 $11) 35... Ra3 $17 {[%emt 0:01:13] White must now prevent ...Rxc3. Black is more active.} 36. Kg2 Kf8 (36... Bxc3 $17 37. Nxc3 Rxc3) 37. Kf3 $11 Ke7 38. Kxe3 d4+ {[%emt 0:00:23][%mdl 64] Deflection} 39. Nxd4 $2 ({White should try} 39. Kd3 $15) 39... Rxc3+ $19 40. Ke4 {[%emt 0:00:00] [#]} f5+ $1 ({And not} 40... Rc4 41. Rd1 $11) 41. Nxf5+ (41. Kd5 $142 Rd3 42. a4 (42. Re1+ $2 Kf7 $19)) 41... gxf5+ {[%emt 0:00:08] KRB-KR} 42. Kd5 Rd3+ 43. Kc4 Rxg3 44. Rh1 Ra3 45. Rh2 Be5 46. Re2 Kf6 47. h4 Ra4+ 48. Kd5 Rd4+ 49. Kc5 Rxh4 {[%emt 0:00:06] Both players deserved the win here.  Weighted Error Value: White=0.79/Black=0.28 (precise)} 0-1

[Event "Mitropa Cup Women 2022"]
[Site "Corte"]
[Date "2022.05.08"]
[Round "9.7"]
[White "Janzelj, Lara"]
[Black "Leconte, Maria"]
[Result "1-0"]
[ECO "A25"]
[WhiteElo "2191"]
[BlackElo "2211"]
[Annotator "TA"]
[PlyCount "125"]
[EventDate "2022.04.30"]
[EventType "team-tourn"]
[EventCountry "FRA"]
[SourceTitle "playchess.com"]
[Source "ChessBase"]
[SourceQuality "1"]
[WhiteTeam "Slovenia"]
[BlackTeam "France"]
[WhiteTeamCountry "SLO"]
[BlackTeamCountry "FRA"]
[TimeControl "40/5400+30:1800+30"]

1. c4 e5 2. Nc3 Nc6 3. g3 f5 4. Nf3 Nf6 5. d4 e4 6. Nh4 {[%emt 0:02:10] A27: English Opening: Three Knights Variation.} d6 7. Bh3 {[%emt 0:02:17] 7.Bg5 deserves study.} (7. Ng2 $14 {was preferrable.}) 7... g6 $11 8. O-O {[%emt 0:01:14] The position is equal.} Bg7 9. f3 exf3 10. Nxf3 O-O {[%emt 0:00:35] [#]} 11. e3 $146 ({Predecessor:} 11. Bg5 h6 12. Bxf6 Bxf6 13. Qd3 Bd7 14. e4 fxe4 15. Qxe4 Bxh3 16. Qxg6+ Bg7 17. Rf2 Nxd4 18. Nxd4 Rxf2 19. Kxf2 {1-0 (44) Prithu,G (2472)-Duquesnoy,J (2172) Europe Echecs INT 2021}) 11... Bd7 12. Bg2 a6 13. a3 (13. Bd2 $11) 13... Na5 $15 14. Nd2 Ng4 15. Nb3 Nc6 16. Qd3 Kh8 17. Bd2 Rb8 18. Nc1 ({White should play} 18. Rae1 $11) 18... Re8 19. N1e2 b5 20. cxb5 axb5 21. b4 Ne7 22. Nf4 c6 23. Rfc1 Nc8 24. a4 bxa4 25. Nxa4 Ne7 26. Rab1 Nf6 (26... Rf8 $5 ) 27. Nc3 g5 28. Nh3 h6 29. Rf1 (29. Nf2 $11) 29... Qb6 30. Nf2 Ned5 31. Nxd5 Nxd5 32. b5 {[%emt 0:00:50] [#] And now Rfc1 would win.} Be6 33. g4 f4 (33... fxg4 $11 34. Qg6 Bg8 35. bxc6 (35. Nxg4 Bh7 $11) (35. Qxd6 Nxe3 36. Bxe3 Rxe3 $17) 35... Qxc6 36. Rxb8 (36. Nxg4 Bh7 $11) 36... Rxb8) 34. bxc6 $16 {[%emt 0:02:23] White now steadily converts the win.} Qc7 (34... Qxc6 $16 35. e4 Ne3) 35. e4 Ne3 36. Bxe3 fxe3 37. Qxe3 Bc4 (37... Qa7 $142) 38. Rxb8 $18 Qxb8 39. Rc1 d5 40. e5 {[%emt 0:07:54] Strongly threatening Bf1.} Qb6 41. Nd1 Qxc6 42. Qc3 ({Don't play} 42. Nb2 Qb6 $18) 42... Rb8 43. Ne3 {[%emt 0:00:00][%cal Og2d5] Bxd5! is the strong threat.} (43. Bxd5 Qxd5 44. Ne3 (44. Qxc4 Qxc4 45. Rxc4 Rb1 $11) 44... Qf3 45. Nxc4 Qxg4+ 46. Kh1 Qe4+ 47. Kg1 Rd8 $11) 43... Rc8 $2 {[%emt 0:03:53] [#]} (43... Qg6 44. Nxc4 (44. Bxd5 Bxd5 45. Nxd5 Qe4 $18) 44... dxc4 45. Qxc4 Qb6) 44. Bxd5 $1 Bxd5 45. Nxd5 {[%emt 0:00:00][%mdl 64] Pin} Qxc3 46. Rxc3 {[%emt 0:00:00][%mdl 4096] Endgame KRB-KRN} Ra8 47. Ne7 Ra4 48. Rd3 Kh7 49. h3 Bf8 50. Nf5 Kg6 51. Rc3 Ra6 52. Kg2 h5 53. Kf3 hxg4+ 54. hxg4 Kf7 55. Rc7+ Ke6 56. Ke4 Ra4 57. Rb7 Rc4 58. Ra7 Rb4 59. Ra8 Bc5 60. Rc8 {White is clearly winning.} Bb6 61. Rc6+ Kd7 62. Rg6 {[%emt 0:00:00] Threatening mate with e6+.} Bd8 63. e6+ {[%emt 0:00:00] Weighted Error Value: White=0.13 (very precise) /Black=0.32} 1-0

[Event "Mitropa Cup Women 2022"]
[Site "Corte"]
[Date "2022.05.08"]
[Round "9.7"]
[White "Butenandt, Svenja"]
[Black "Mayrhuber, Nikola"]
[Result "0-1"]
[ECO "E46"]
[WhiteElo "2086"]
[BlackElo "2086"]
[Annotator "TA"]
[PlyCount "67"]
[EventDate "2022.04.30"]
[EventType "team-tourn"]
[EventCountry "FRA"]
[SourceTitle "playchess.com"]
[Source "ChessBase"]
[SourceQuality "1"]
[WhiteTeam "Germany"]
[BlackTeam "Austria"]
[WhiteTeamCountry "GER"]
[BlackTeamCountry "AUT"]
[TimeControl "40/5400+30:1800+30"]

1. d4 Nf6 2. c4 e6 3. Nc3 Bb4 4. e3 O-O 5. Nge2 Re8 6. a3 Bf8 7. Ng3 d5 8. Be2 {[%emt 0:01:59] E46: Nimzo-Indian: Rubinstein: 4 e3 0-0 5 Ne2 without early Bd3.} b6 9. cxd5 exd5 10. O-O {[%emt 0:00:28] The position is equal.} Ba6 11. Bxa6 Nxa6 12. b4 c5 {[%emt 0:10:33] [#]} 13. bxc5 $146 ({Predecessor:} 13. dxc5 bxc5 14. b5 Nc7 15. a4 d4 16. exd4 cxd4 17. Nce2 Ne6 18. Qd3 Qd5 19. Rd1 {0-1 (41) Goncharov,V (2077)-Samunenkov,I (2372) Chess.com INT 2022}) 13... bxc5 14. dxc5 Nxc5 15. a4 Re5 16. Bb2 Rg5 17. Qf3 Rb8 18. Ba3 Rb3 (18... d4 $11 {keeps the balance.} 19. Nb5 dxe3) 19. Nb5 $16 Rg4 20. Bxc5 Bxc5 {[%emt 0:00:05] [#]} 21. Nh5 $1 {[%emt 0:00:16] aiming for Nxf6+.} Rg6 (21... Rbb4 $142) 22. Rad1 (22. Rac1 $142 Bf8 23. Nf4 (23. Nxa7 Nxh5 24. Qxh5 Qa8 $11)) 22... d4 $2 (22... Rg5 $16 23. Nxf6+ Qxf6 24. Qxf6 gxf6) 23. Nxf6+ $2 ({Don't take} 23. Nxd4 $6 Bxd4 24. Rxd4 Qe8 $16) (23. Nf4 $18 {has better winning chances.}) 23... Rxf6 24. Qh5 Rxb5 25. axb5 $18 Qb6 26. Rc1 Bf8 27. exd4 Qxd4 28. Rc8 {[%emt 0:02:56] Hoping for Qd1.} Rh6 $2 (28... g6 29. Qh6 Qd6) 29. Qd1 {[%emt 0:00:42] White is clearly winning.} Qe5 {[%emt 0:03:07][%csl Gh6][%cal Re5h2] [#]} 30. h3 Rd6 {[%emt 0:01:08] Against Qd8} 31. Qa4 Qf5 32. Rfc1 {[%emt 0:01:17] b6 is the strong threat.} Rd7 33. Qg4 (33. b6 $142 axb6 34. Qa8) 33... Qxb5 (33... Qxg4 $142 34. hxg4 g6) 34. R1c2 $2 {[%emt 0:00:00][%mdl 32768] Weighted Error Value: White=0.29 (precise) /Black=0.59. Loss on time!?} (34. Re1 h5 35. Qf4) 0-1